 Dungeon Crawl Stone Soup version 0.23-a0-655-g3751e1c (webtiles) character file.

9207 Larett the Severer (level 11, -1/82 HPs)
             Began as a Minotaur Berserker on Jan 7, 2019.
             Was a High Priest of Trog.
             Slain by a five-headed hydra (14 damage)
             ... on level 2 of the Lair of Beasts.
             The game lasted 00:30:08 (11781 turns).

Larett the Severer (Minotaur Berserker)            Turns: 11781, Time: 00:30:09

Health: -1/82      AC: 15    Str: 22    XL:     11   Next: 20%
Magic:  3/3        EV: 15    Int:  4    God:    Trog [*****.]
Gold:   328        SH:  4    Dex: 13    Spells: 10/10 levels left

rFire    . . .     SeeInvis .   F - +2 dagger (antimagic)
rCold    . . .     Gourm    .   (no shield)
rNeg     + . .     Faith    .   R - +2 ring mail {rPois}
rPois    +         Spirit   .   (helmet restricted)
rElec    .         Reflect  +   e - +2 cloak
rCorr    .         Harm     .   w - +0 pair of gloves
MR       +....                  s - +1 pair of boots {Stlth+}
Stlth    ++........             u - +4 amulet of reflection
HPRegen  0.23/turn              m - ring of protection from magic
MPRegen  0.08/turn              H - ring of positive energy

@: no status effects
A: retaliatory headbutt, horns 2
a: Berserk, Trog's Hand, Brothers in Arms, Renounce Religion


You were on level 2 of the Lair of Beasts.
You worshipped Trog.
Trog was extremely pleased with you.
You were hungry.

You visited 2 branches of the dungeon, and saw 11 of its levels.

You collected 523 gold pieces.
You spent 195 gold pieces at shops.

Inventory:

Hand Weapons
 a - a +0 battleaxe
 b - a +0 hunting sling
 k - a +0 arbalest
 F - a +2 antimagic dagger (weapon)
 J - a +1 flail of holy wrath
Missiles
 n - 31 poisoned needles
 r - 231 stones (quivered)
 t - 4 needles of sleeping
 z - 223 arrows
 N - 64 bolts
 S - 180 sling bullets
 Z - a throwing net {!f}
Armour
 e - a +2 cloak (worn)
 s - a +1 pair of boots of stealth (worn)
 w - a +0 pair of gloves (worn)
 C - a +3 leather armour
 G - a +2 robe of positive energy
 R - a +2 ring mail of poison resistance (worn)
Jewellery
 l - an uncursed ring of flight
 m - a ring of protection from magic (left hand)
 o - an uncursed ring of poison resistance
 u - a +4 amulet of reflection (around neck)
 H - a ring of positive energy (right hand)
 Y - a cursed amulet of magic regeneration {unknown}
Wands
 d - a wand of random effects (19)
 i - a wand of disintegration (19)
 j - a wand of flame (22)
 A - a wand of acid (27)
 E - a wand of enslavement (1)
 I - a wand of iceblast (6)
 O - a wand of clouds (2)
 P - a wand of paralysis (4)
Scrolls
 x - 2 scrolls of fog
 y - a scroll of enchant armour
 B - a scroll of blinking
 M - a scroll of magic mapping {!r}
 T - 7 scrolls of teleportation
 W - 2 scrolls of enchant weapon
Potions
 g - 3 potions of ambrosia
 q - 3 potions of lignification {!q}
 v - a potion of agility {unknown}
 D - 2 potions of flight
 K - a potion of berserk rage
 L - a potion of might
 Q - 3 potions of curing
 U - a potion of invisibility {unknown}
 V - 2 potions of cancellation {unknown}
 X - 7 potions of brilliance
Comestibles
 c - 13 rations


   Skills:
 - Level 3.6 Fighting
 * Level 15.4 Axes
 - Level 8.0 Armour
 - Level 8.0 Dodging
   Level 7.5 Shields


You had 10 spell levels left.
You didn't know any spells.
Your spell library contained the following spells:

 Spells                   Type           Power        Failure   Level  Hunger
 Confusing Touch          Hex            #.....       65%         1    ##.....
 Magic Dart               Conj           #...         65%         1    ##.....
 Passwall                 Tmut/Erth      #.......     78%         2    ###....
 Confuse                  Hex            #.......     95%         3    ####...
 Gell's Gravitas          Tloc           #.........   95%         3    ####...
 Petrify                  Tmut/Erth      #.......     100%        4    #####..
 Bolt of Magma            Conj/Fire/Erth #.........   100%        5    ######.
 Iskenderun's Battlesphe  Conj/Chrm      #.......     100%        5    ######.
 Metabolic Englaciation   Hex/Ice        #.........   100%        5    ######.
 Yara's Violent Unravell  Hex/Tmut       #.........   100%        5    ######.
 Spellforged Servitor     Conj/Summ      #.........   100%        7    #######


Dungeon Overview and Level Annotations

Branches:
Dungeon (9/15)             Temple (0/1) D:5            Lair (2/6) D:9
  Swamp: Lair:2-4    Shoals: Lair:2-4     Snake: Lair:2-4    Spider: Lair:2-4
    Orc: D:9-12

Altars:
Ashenzari
Gozag
Makhleb
Okawaru
Qazlal
Ru
Uskayaw
Vehumet
Wu Jian
Yredelemnul
Zin

Shops:
D:6 *[


Innate Abilities, Weirdness & Mutations

You reflexively headbutt those who attack you in melee.
You have a pair of horns on your head.


Message History

The five-headed hydra barely misses you.
You block the five-headed hydra's attack.
The five-headed hydra closely misses you.
The five-headed hydra barely misses you.
You barely miss the five-headed hydra.
The five-headed hydra is almost dead.
The five-headed hydra bites you but does no damage.
The five-headed hydra closely misses you.
The five-headed hydra completely misses you.
You block the five-headed hydra's attack.
The five-headed hydra closely misses you.
You hit the five-headed hydra. You headbutt the five-headed hydra.
The five-headed hydra is almost dead.
The five-headed hydra bites you but does no damage.
The five-headed hydra bites you.
* * * LOW HITPOINT WARNING * * *
The five-headed hydra bites you.
* * * LOW HITPOINT WARNING * * *
The five-headed hydra bites you!
You die...

..........##.
........###..........#..
.........#P#.............
..........................
..........................
..........................
....[.....................
.........D................
.........@................
..........................
..........................
.....#.#..................
.... ####.............#..#
).. ####..........####
###.........##
#............##
##............#


You could see a five-headed hydra.

Vanquished Creatures
  2 two-headed ogres (D:9)
  An ugly thing (D:7)
  2 black mambas
  Joseph (D:8)
  2 spiny frogs (Lair:1)
  A komodo dragon (D:9)
  A rime drake (Lair:1)
  Prince Ribbit (D:9)
  4 hippogriffs
  A basilisk (Lair:1)
  Menkaure (D:5)
  4 water moccasins
  2 porcupines (Lair:1)
  A sky beast (D:9)
  5 orc warriors
  An ice beast (D:9)
  A necrophage (D:6)
  6 ogres
  3 centaurs
  8 bullfrogs
  2 big kobolds (D:9)
  3 gnoll sergeants
  A scorpion (D:4)
  A howler monkey (D:8)
  2 crimson imps (D:5)
  A quasit (D:8)
  A bullfrog zombie (D:8)
  A hound (D:6)
  A jelly (D:4)
  5 orc priests
  13 orc wizards
  Crazy Yiuf (D:3)
  A bullfrog skeleton (D:4)
  An iguana (D:7)
  8 worker ants
  A statue (D:4)
  A killer bee zombie (D:7)
  A hound skeleton (D:6)
  3 worker ant zombies
  14 gnolls
  A howler monkey skeleton (D:4)
  3 adders
  3 shadow imps
  3 oozes
  3 dart slugs
  5 leopard geckos
  33 orcs
  A ball python (D:2)
  11 bats
  10 giant cockroaches
  5 goblins
  10 hobgoblins
  5 jackals
  16 kobolds
  6 quokkas
  4 frilled lizards
  A jackal skeleton (D:5)
  A quokka skeleton (D:7)
  8 rats
  A plant (D:9)
240 creatures vanquished.

Vanquished Creatures (others)
  An orc (D:8)
  A fungus (Lair:1)
  A plant (D:9)
3 creatures vanquished.

Grand Total: 243 creatures vanquished

Notes
Turn   | Place    | Note
-------+----------+-------------------------------------------
     0 | D:1      | Larett the Minotaur Berserker began the quest for the Orb.
     0 | D:1      | Reached XP level 1. HP: 19/19 MP: 0/0
   212 | D:1      | Reached skill level 4 in Axes
   212 | D:1      | Reached XP level 2. HP: 25/26 MP: 1/1
   767 | D:1      | Reached XP level 3. HP: 31/31 MP: 2/2
   795 | D:1      | Reached skill level 3 in Armour
  1117 | D:2      | Found a glowing silver altar of Zin.
  1146 | D:2      | Reached ** piety under Trog
  1747 | D:2      | Found a shattered altar of Ashenzari.
  1775 | D:2      | Reached skill level 3 in Dodging
  2053 | D:3      | Reached XP level 4. HP: 39/39 MP: 3/3
  2057 | D:3      | Reached skill level 5 in Axes
  2323 | D:3      | Reached XP level 5. HP: 36/45 MP: 4/4
  2717 | D:3      | Found a runed door.
  2722 | D:3      | Noticed Crazy Yiuf
  2726 | D:3      | Killed Crazy Yiuf
  2824 | D:4      | Reached skill level 6 in Axes
  2856 | D:4      | Reached XP level 6. HP: 49/51 MP: 5/5
  3000 | D:4      | Found a radiant altar of Vehumet.
  3463 | D:4      | Reached skill level 7 in Axes
  3548 | D:4      | Reached XP level 7. HP: 41/57 MP: 6/6
  3973 | D:5      | Entered Level 5 of the Dungeon
  3991 | D:5      | Reached *** piety under Trog
  4005 | D:5      | Found an ornate altar of the Wu Jian Council.
  4009 | D:5      | Noticed Menkaure
  4021 | D:5      | Killed Menkaure
  4021 | D:5      | Reached skill level 8 in Axes
  4306 | D:5      | Reached XP level 8. HP: 64/64 MP: 7/7
  4413 | D:5      | Reached skill level 6 in Armour
  4419 | D:5      | Found a staircase to the Ecumenical Temple.
  4823 | D:5      | Reached skill level 9 in Axes
  5070 | D:6      | Found an opulent altar of Gozag.
  5256 | D:6      | Reached skill level 6 in Dodging
  5277 | D:6      | Found Cahothau's Antique Armour Boutique.
  5290 | D:6      | Bought a pair of glowing boots for 195 gold pieces
  5597 | D:6      | Found Kiychijo's Lightly-Used Armoury.
  5923 | D:7      | Reached skill level 10 in Axes
  6163 | D:7      | Found an opulent altar of Gozag.
  6170 | D:7      | Reached skill level 1 in Shields
  6288 | D:7      | Reached **** piety under Trog
  6304 | D:7      | Noticed a hippogriff
  6319 | D:7      | Killed a hippogriff
  6727 | D:7      | Reached XP level 9. HP: 26/70 MP: 8/8
  7055 | D:7      | Found a basalt altar of Yredelemnul.
  7057 | D:7      | Found a sacrificial altar of Ru.
  7060 | D:7      | Found an iron altar of Okawaru.
  7060 | D:7      | Noticed a green ugly thing
  7063 | D:7      | Found a stormy altar of Qazlal.
  7063 | D:7      | Found a hide-covered altar of Uskayaw.
  7070 | D:7      | Killed a green ugly thing
  7071 | D:7      | Found a burning altar of Makhleb.
  7407 | D:8      | Reached skill level 3 in Shields
  7438 | D:8      | Noticed Joseph
  7445 | D:8      | Reached skill level 11 in Axes
  7464 | D:8      | Killed Joseph
  7607 | D:8      | You fall through a shaft!
  7624 | D:9      | Reached skill level 12 in Axes
  7974 | D:8      | Reached ***** piety under Trog
  7976 | D:8      | Reached XP level 10. HP: 77/77 MP: 9/9
  8671 | D:9      | Found a staircase to the Lair.
  8929 | D:9      | Noticed a two-headed ogre
  8946 | D:9      | Killed a two-headed ogre
  8946 | D:9      | Reached skill level 13 in Axes
  8946 | D:9      | Reached skill level 6 in Shields
  9035 | D:9      | Found a stormy altar of Qazlal.
  9139 | D:9      | Noticed a two-headed ogre
  9154 | D:9      | Killed a two-headed ogre
  9452 | D:9      | Reached skill level 14 in Axes
  9752 | D:9      | Noticed Prince Ribbit
  9760 | D:9      | Killed Prince Ribbit
  9900 | Lair:1   | Entered Level 1 of the Lair of Beasts
  9912 | Lair:1   | Identified Azaeraz's Collected Works on Dusty Confrontation
 10005 | Lair:1   | Noticed a spiny frog
 10018 | Lair:1   | Killed a spiny frog
 10018 | Lair:1   | Reached XP level 11. HP: 44/82 MP: 10/10
 10627 | Lair:1   | Reached skill level 15 in Axes
 11761 | Lair:2   | Noticed a five-headed hydra
 11778 | Lair:2   | HP: 12/82 [five-headed hydra (5)]
 11781 | Lair:2   | Slain by a five-headed hydra

Vault maps used:
D:1:      minmay_arrival_doors
D:2:      zin_academy, evilmike_ruin_ashenzari, minmay_pentomino_z2
D:3:      uniq_crazy_yiuf_cottage
D:4:      vehumet_statue, first_ration, serial_glass, glass_columns_a,
          glass_columns_a, glass_columns_c, glass_columns_b,
          kennysheep_generic_room_12
D:5:      minmay_temple_entry_trees, basic_altar, uniq_menkaure
D:6:      serial_shops, nicolae_shop_overgrown_old_shop, minmay_shop_damaged,
          nicolae_gozag_seed_capital
D:7:      minmay_angry_zag, nicolae_overflow_crystal_walls, minitemple
D:8:      serial_rivers, chequers_serial_rivers_room_a,
          chequers_serial_rivers_small_3, chequers_serial_rivers_micro_a,
          chequers_serial_rivers_micro_d, uniq_joseph
D:9:      david_lair_shrubbed, grunt_qazlal_sundering, uniq_prince_ribbit1
Lair:2:   uniq_erica

Skill      XL: |  1  2  3  4  5  6  7  8  9 10 11 |
---------------+----------------------------------+-----
Axes           | 4 5 6 7 8 10 12 14 15 | 15.4
Armour         | 3 4 5 7 8 |  8.0
Dodging        | 3 4 5 6 8 |  8.0
Shields        | 2 5 7 |  7.5
Fighting       | |  3.6

Action                   |  1- 3 |  4- 6 |  7- 9 | 10-12 || total
-------------------------+-------+-------+-------+-------++-------
Melee: Hand axe          |    98 |    83 |   227 |    67 ||   475
       Headbutt          |    19 |    31 |    66 |    56 ||   172
       Mace              |       |    28 |       |       ||    28
       Dagger            |       |    18 |    14 |    13 ||    45
       Flail             |       |       |     5 |       ||     5
       War axe           |       |       |       |    69 ||    69
       Battleaxe         |       |       |       |    79 ||    79
 Fire: Hunting sling     |       |       |     2 |       ||     2
Invok: Trog's Hand       |     1 |     2 |     4 |       ||     7
       Berserk           |     1 |     1 |     4 |     1 ||     7
Evoke: Wand              |       |       |     6 |    13 ||    19
  Use: Scroll            |    10 |     4 |     8 |     1 ||    23
       Potion            |       |       |       |     2 ||     2
  Eat: Chunk             |     4 |     7 |    16 |     9 ||    36
       Ration            |       |       |     1 |     1 ||     2
Armor: Animal skin       |    16 |       |       |       ||    16
       Scale mail        |    20 |    43 |    68 |       ||   131
       Ring mail         |       |       |       |    82 ||    82
Dodge: Dodged            |    66 |    72 |   112 |   113 ||   363
Block: Large shield      |       |       |   121 |   135 ||   256
       Other             |       |       |     1 |    21 ||    22
       Reflection        |       |       |     9 |     9 ||    18

Table legend:
 A = Non-vault XP
 B = Vault XP
 C = Vault XP percentage of total XP
 D = Non-vault monster count
 E = Vault monster count
 F = Vault count percentage of total count
                 A         B        C        D         E       F
            +---------+---------+-------+---------+---------+-------
      Total |   11591 |    1562 |  11.9 |     225 |      14 |   5.9
            +---------+---------+-------+---------+---------+-------
        D:1 |      53 |       0 |   0.0 |      25 |       0 |   0.0
        D:2 |      27 |       4 |  12.9 |      17 |       2 |  10.5
        D:3 |     149 |      41 |  21.6 |      31 |       1 |   3.1
        D:4 |     450 |      99 |  18.0 |      16 |       2 |  11.1
        D:5 |     726 |     175 |  19.4 |      23 |       1 |   4.2
        D:6 |     561 |       0 |   0.0 |      16 |       0 |   0.0
        D:7 |     950 |     202 |  17.5 |      11 |       5 |  31.2
        D:8 |    1429 |     380 |  21.0 |      27 |       1 |   3.6
        D:9 |    4126 |     661 |  13.8 |      47 |       2 |   4.1
     Lair:1 |    2497 |       0 |   0.0 |      10 |       0 |   0.0
     Lair:2 |     623 |       0 |   0.0 |       2 |       0 |   0.0
            +---------+---------+-------+---------+---------+-------
